AoeStats
← VIT Liereyy

Arabian Desert

508621253Analyzed
1v1 RM · 10d ago on Sep 23, 2026· 18m 36s· 2 players
Game mode
Random Map
Map size
Tiny (2 player)
Population
200
Speed
Normal
Resources
Standard
Victory
Conquest
Starting age
Dark Age
Ending age
Imperial Age
RankedLock teamsTeams togetherTeam positionsShared explorationLock speedFull tech treeHidden civsTurbo modeCheats
Victory
Defeat
🇦🇹 Varangians · Austria
2892
+2
🇷🇴 Varangians · Romania
2412
-2
VIT Liereyy
6:08 Loom
8:23 Feudal Age
9:47 Double-Bit Axe
16:11 Fletching
18:25 Bloodlines
Andre_2i
6:25 Loom
8:57 Feudal Age
8:58 Man-at-Arms
9:26 Double-Bit Axe
15:22 Fletching
Connection lost

Rejoining the realm…

Still unreachable

The connection could not be restored.

Session expired

The server has moved on; the page needs a fresh start.